 Dungeon Crawl Stone Soup version 0.29.1-12-g30fa7ad0bf (webtiles) character file.

Game seed: 3842258937994793917

4319 soggyman666 the Thaumaturge (level 10, -2/62 HPs)
             Began as a Djinni Fire Elementalist on Dec 13, 2022.
             Was a Believer of Makhleb.
             Slain by a killer bee (6 damage)
             ... on level 9 of the Dungeon on Dec 14, 2022.
             The game lasted 00:41:27 (9986 turns).

soggyman666 the Thaumaturge (DjFE)                  Turns: 9986, Time: 00:41:29

Health: -2/62      AC:  2    Str:  7    XL:     10   Next: 58%
Gold:   559        EV: 13    Int: 22    God:    Makhleb [**....] SH:  5 Dex: 13

rFire   + + +      SeeInvis +   r - staff of fire
rCold   . . .      Faith    .   (no shield)
rNeg    . . .      Spirit   .   c - +0 robe {rC+ rF+}
rPois   ∞          Reflect  +   (no helmet)
rElec   .          Harm     .   (no cloak)
rCorr   .          Rampage  .   (no gloves)
Will    +....                   (boots unavailable)
Stlth   ++........              j - amulet of reflection
HPRegen 0.20/turn               m - ring of see invisible
MPRegen 0.00/turn               (no ring)

@: flying
A: sickness immunity, fire resistance 2, cold vulnerability 1, float, innate
caster, HP casting, extra vitality 1
a: Renounce Religion, Minor Destruction


You were on level 9 of the Dungeon.
You worshipped Makhleb.
Makhleb was pleased with you.
You visited 2 branches of the dungeon, and saw 10 of its levels.
You also visited: Sewer.

You collected 559 gold pieces.

Inventory:

Armour
 c - a +0 robe of resistance (worn)
Magical Staves
 r - a staff of fire (weapon)
Jewellery
 j - an amulet of reflection (around neck)
 m - a ring of see invisible (left hand)
Wands
 t - a wand of flame (19)
 x - a wand of paralysis (10)
Scrolls
 b - 4 scrolls of magic mapping
 k - 2 scrolls of enchant weapon
 l - a scroll of enchant armour {unknown}
Potions
 d - a potion of mutation {unknown}
 e - a potion of haste {unknown}
 f - a potion of cancellation {unknown}
 g - a potion of flight {unknown}
 h - 6 potions of curing
 o - a potion of might
 p - a potion of brilliance {unknown}
 q - 2 potions of invisibility {unknown}
 w - a potion of heal wounds


   Skills:
 + Level 1.2 Fighting
 + Level 3.5 Dodging
 + Level 3.5 Stealth
 + Level 2.4 Shields
 + Level 10.9 Spellcasting


You had 7 spell levels left.
You knew the following spells:

 Your Spells              Type           Power      Damage    Failure   Level
a - Foxfire               Conj/Fire      100%       2x1d9     1%          1
b - Scorch                Fire           100%       2d10      1%          2
c - Conjure Flame         Conj/Fire      74%        6-21      1%          3
d - Inner Flame           Hex/Fire       74%        N/A       1%          3
e - Flame Wave            Conj/Fire      74%        2d16      1%          4
f - Slow                  Hex            100%       N/A       1%          1
g - Call Imp              Summ           56%        N/A       1%          2
h - Mephitic Cloud        Conj/Pois/Air  56%        N/A       1%          3
i - Animate Armour        Summ/Erth      100%       N/A       1%          4
Your spell library was empty.

Dungeon Overview and Level Annotations

Branches:
Dungeon (9/15)             Temple (1/1) D:4           Sewer (visited)
   Lair: D:8-11         Orc: D:9-12

Altars:
Dithmenos
Elyvilon
Fedhas
Gozag
Makhleb
Nemelex Xobeh
Okawaru
Ru
Trog
Uskayaw
Wu Jian
Xom
Yredelemnul
Zin
The Shining One

Shops:
D:1 =   D:3 :

Annotations:
D:8 Joseph


Innate Abilities, Weirdness & Mutations

You are immune to sickness and miasma.
You are immune to poison.
Your flesh is very heat resistant. (rF++)
You are vulnerable to cold. (rC-)
You float through the air rather than walking.
You learn spells naturally, not from books.
Your magical power is your life essence.
You have superior vitality. (+4 MHP)


Message History

You see here a +2 falchion of flaming.
Things that are here:
a +0 short sword; 4 poisoned darts
Things that are here:
a +0 halberd; a curare-tipped dart You see here a hydra corpse.
Things that are here:
+0 steam dragon scales; a potion of degeneration; a steam dragon corpse Done exploring.
Done exploring.
Done exploring.
(D) Dungeon (T) Temple
Where to? (Enter - D:8 @ (x,y), ? - help)
What level of the Dungeon? (default 1, ? - help)
There is a stone staircase leading up here.
There is a stone staircase leading down here.
You fly downwards.
The killer bee stings you. The killer bee stings you!
The killer bee closely misses you.
The killer bee stings you but does no damage.
You block the killer bee's attack. The killer bee barely misses you.
You block the killer bee's attack. The killer bee stings you!
The killer bee misses you.
There is a stone staircase leading up here.
Press: ? - help, v - describe, . - travel A stone staircase leading up.
Unknown command.
The air fills with toxic fumes!
As you read the scroll of poison, it crumbles to dust.
The killer bee stings you! The killer bee closely misses you.
You block the killer bee's attack. The killer bee stings you! x2
The killer bee stings you.
* * * LOW HITPOINT WARNING * * *
Unknown command.
The killer bee barely misses you. You block the killer bee's attack. x2
The killer bee stings you.
* * * LOW HITPOINT WARNING * * *
The killer bee stings you.
* * * LOW HITPOINT WARNING * * *
The killer bee stings you.
You die...

####+########
#§§§§§§§§§§§#
#§§§§§§§§§§§#
#§§§§§§§§§§§#
#§§§§§§§§§§§#
#§§§§§§§§§§§#
#§§§§§y§§§§§#
#§§§§§y@y§§§+
#§§§§§§§§§§§#
####+########


You could see 3 killer bees.

Vanquished Creatures
  A hydra (D:8)
  2 dream sheep (D:8)
  Grinder (D:3)
  Sigmund (D:2)
  A steam dragon (D:8)
  4 vampire mosquitoes (D:8)
  A sky beast (D:6)
  Pargi (Sewer)
  An ogre (D:5)
  2 centaurs
  3 kobold brigands (D:8)
  2 bullfrogs
  3 necrophages
  A gnoll sergeant (D:6)
  2 scorpions
  10 wights
  2 howler monkeys (D:7)
  A hound (D:4)
  3 jellies
  4 orc priests
  3 iguanas
  4 orc wizards
  10 adders
  9 gnolls
  A white imp (D:7)
  A worm (D:5)
  A dart slug (D:1)
  25 orcs
  7 ball pythons
  11 bats
  5 endoplasms
  2 giant cockroaches (D:1)
  11 goblins
  7 hobgoblins
  7 kobolds
  5 quokkas
  A frilled lizard (D:1)
  9 rats
165 creatures vanquished.

Vanquished Creatures (collateral kills)
  A foxfire (D:3)
1 creature vanquished.

Vanquished Creatures (others)
  An orc (D:8)
  460 foxfires
  16 fungi (D:8)
  4 plants (D:8)
  A withered plant (D:3)
482 creatures vanquished.

Grand Total: 648 creatures vanquished

Notes
Turn   | Place    | Note
-------+----------+-------------------------------------------
     0 | D:1      | soggyman666 the Djinni Fire Elementalist began the quest
                  | for the Orb.
     0 | D:1      | soggyman666 set off with the following spells memorised:
                  | Foxfire, Scorch, Conjure Flame, Inner Flame, Flame Wave.
     0 | D:1      | Reached XP level 1. HP: 15/15 MP: 0/0
    82 | D:1      | Found Bareix's Jewellery Emporium.
   355 | D:1      | Reached XP level 2. HP: 19/21 MP: 0/0
   565 | D:1      | Reached skill level 3 in Spellcasting
   943 | D:1      | Reached XP level 3. HP: 23/25 MP: 0/0
   943 | D:1      | Learned a level 1 spell: Slow
  1634 | D:2      | Noticed Sigmund
  1638 | D:2      | Killed Sigmund
  1639 | D:2      | Reached skill level 4 in Spellcasting
  1639 | D:2      | Reached XP level 4. HP: 22/31 MP: 0/0
  1639 | D:2      | Reached XP level 5. HP: 24/35 MP: 0/0
  1639 | D:2      | Learned a level 2 spell: Call Imp
  1639 | D:2      | Reached XP level 6. HP: 28/40 MP: 0/0
  2465 | D:3      | Found an iron altar of Okawaru.
  2760 | D:3      | Found a shimmering altar of Xom.
  2766 | D:3      | Noticed Grinder
  2775 | D:3      | Killed Grinder
  2776 | D:3      | Reached skill level 5 in Spellcasting
  2776 | D:3      | Reached XP level 7. HP: 33/45 MP: 0/0
  2776 | D:3      | Learned a level 3 spell: Mephitic Cloud
  2914 | D:3      | Found Roiqext's Book Boutique.
  2948 | D:3      | Found a faded altar of an unknown god.
  3652 | D:4      | Found a staircase to the Ecumenical Temple.
  3683 | Temple   | Entered the Ecumenical Temple
  3735 | Temple   | Became a worshipper of Makhleb the Destroyer
  3857 | D:4      | Reached skill level 6 in Spellcasting
  4486 | D:4      | Found an opulent altar of Gozag.
  4761 | D:5      | Entered Level 5 of the Dungeon
  4778 | D:5      | Reached XP level 8. HP: 43/50 MP: 0/0
  5173 | D:5      | Found a glowing drain.
  5177 | Sewer    | Entered a sewer
  5269 | Sewer    | Noticed Pargi
  5276 | Sewer    | Killed Pargi
  5277 | Sewer    | Reached skill level 7 in Spellcasting
  5805 | D:5      | Reached * piety under Makhleb
  6094 | D:6      | Found a sparkling altar of Nemelex Xobeh.
  6399 | D:6      | HP: 1/50 [gnoll sergeant/+5 trident of venom (9)]
  6977 | D:7      | HP: 1/51 [sky beast (6)]
  7312 | D:6      | Reached skill level 8 in Spellcasting
  7312 | D:6      | Reached XP level 9. HP: 53/56 MP: 0/0
  7312 | D:6      | Learned a level 4 spell: Animate Armour
  7682 | D:7      | Found a sacrificial altar of Ru.
  7984 | D:7      | Reached skill level 1 in Fighting
  7986 | D:7      | Reached skill level 1 in Shields
  8489 | D:8      | Reached skill level 9 in Spellcasting
  8756 | D:8      | Noticed Joseph
  9180 | D:8      | Reached XP level 10. HP: 60/62 MP: 0/0
  9201 | D:8      | Reached ** piety under Makhleb
  9328 | D:8      | Reached skill level 10 in Spellcasting
  9507 | D:8      | Noticed a three-headed hydra
  9591 | D:8      | Found a glowing golden altar of the Shining One.
  9894 | D:8      | Killed a three-headed hydra
  9986 | D:9      | Slain by a killer bee

Illustrated notes

Levels and vault maps discovered:
D:1:      lemuel_arrival_broad_hall, layout_basic, serial_shops, shop
D:2:      layout_rooms, uniq_sigmund
D:3:      layout_basic, mainiacjoe_overflow_concentric_impassable,
          mainiacjoe_overflow_24_doors, kiku_gazebo_garden_becter, serial_shops,
          shop, basic_ecumenical_altar, chequers_garden, fountainhead,
          amcnicky_mini_corridor_feature, grunt_ministairs_3, uniq_grinder
D:4:      layout_gridville, nicolae_gozag_seed_capital,
          minmay_temple_entry_statues_pillars, nicolae_eternal_life
D:5:      layout_cave_pools, gup_sewer_entry_spiral
D:6:      layout_layer_cave, mainiacjoe_overflow_surrounded_room, st_stairs_3
D:7:      layout_basic, kennysheep_mini
D:8:      layout_rooms, mainiacjoe_overflow_cross_hatched, minmay_holes,
          hangedman_ranch, uniq_joseph
D:9:      layout_roguey, ashenzari_conservatory_becter, lemuel_doored_altar,
          gammafunk_temple_overflow_statue, david_lair_generic
Temple:   hellmonk_temple_of_storms

Skill      XL: |  1  2  3  4  5  6  7  8  9 10 |
---------------+-------------------------------+-----
Spellcasting   | 3 4 5 6 8 9 10 | 10.9
Stealth        | 2 3 |  3.5
Fighting       | 1 |  1.2
Shields        | 1 2 |  2.4
Dodging        | 3 |  3.5

Action                   |  1- 3 |  4- 6 |  7- 9 | 10-12 || total
-------------------------+-------+-------+-------+-------++-------
Melee: Unarmed           |     1 |       |       |       ||     1
       Staff             |       |       |       |     6 ||     6
 Cast: Foxfire           |    27 |    42 |   200 |    29 ||   298
       Scorch            |    26 |     4 |    79 |     9 ||   118
       Inner Flame       |       |     6 |     8 |     5 ||    19
       Call Imp          |       |     1 |     1 |       ||     2
       Slow              |       |     1 |     4 |     2 ||     7
       Mephitic Cloud    |       |       |     1 |     2 ||     3
       Conjure Flame     |       |       |     3 |     4 ||     7
       Animate Armour    |       |       |     2 |     2 ||     4
       Flame Wave        |       |       |     2 |     2 ||     4
Evoke: Wand              |       |       |       |     1 ||     1
  Use: Scroll            |     1 |     5 |    11 |     4 ||    21
       Potion            |       |       |     2 |       ||     2
Armor: Robe              |     3 |     2 |     5 |     2 ||    12
Dodge: Dodged            |    16 |       |    50 |     5 ||    71
Block: Other             |       |       |    11 |     5 ||    16
       Reflection        |       |       |     1 |       ||     1
